 Dungeon Crawl Stone Soup version 0.32-a0-306-gfed3edf829 (webtiles) character file.

Game seed: 9059472253399945817

3679 Dittersdorf the Fighter (level 10, -1/65 HPs)
             Began as a Gargoyle Fighter on Feb 14, 2024.
             Slain by an orc warrior
             ... wielding a +0 war axe
              (5 damage)
             ... on level 7 of the Dungeon.
             The game lasted 00:08:42 (6456 turns).

Dittersdorf the Fighter (Gargoyle Fighter)          Turns: 6456, Time: 00:08:43

Health: -1/65      AC: 26    Str: 31    XL:     10   Next: 13%
Magic:  10/10      EV: 10    Int: 10    God:
Gold:   490        SH: 10    Dex:  9    Spells: 9/9 levels left

rFire   + . .        q - +6 mace of Diqohe Onyt {flame, Str+2}
rCold   . . .        c - +0 buckler
rNeg    + . .        v - +3 ring mail {rF+}
rPois   ∞            j - +0 helmet
rElec   +            g - +0 cloak
rCorr   .            i - +1 pair of gloves
SInv    .            (no boots)
Will    .....        r - amulet of reflection Stlth
                     n - +6 ring of strength
HPRegen 0.30/turn    p - +4 ring of protection
MPRegen 0.12/turn

%: reflection
@: no status effects
A: sickness immunity, AC +7, negative energy resistance 1, electricity
resistance, torment resistance 1, petrification resistance
a: Convert to Beogh


You were on level 7 of the Dungeon.
You visited 2 branches of the dungeon, and saw 8 of its levels.

You collected 490 gold pieces.

Inventory:

Hand Weapons
 q - the +6 mace of Diqohe Onyt (weapon) {flame, Str+2}
   (You found it on level 3 of the Dungeon)

   Str+2:     It affects your strength (+2).
 s - a +0 heavy morningstar
Armour
 c - a +0 buckler (worn)
 g - a +0 cloak (worn)
 i - a +1 pair of gloves (worn)
 j - a +0 helmet (worn)
 v - a +3 ring mail of fire resistance (worn)
Jewellery
 e - a ring of protection from fire
 n - a +6 ring of strength (left hand)
 p - a +4 ring of protection (right hand)
 r - an amulet of reflection (around neck)
Scrolls
 l - a scroll of teleportation
 m - a scroll of revelation {unknown}
Potions
 a - a potion of mutation
 b - a potion of enlightenment
 d - a potion of might
 f - 4 potions of resistance
 h - 6 potions of heal wounds {unknown}
 k - a potion of magic {unknown}
 u - a potion of haste
 x - a potion of berserk rage
 z - a potion of brilliance


   Skills:
 + Level 8.5 Fighting
 + Level 7.4 Maces & Flails
 + Level 8.4 Armour
 + Level 8.5 Shields


You had 9 spell levels left.
You didn't know any spells.
Your spell library contained the following spells:

 Spells                   Type           Power      Damage    Failure   Level
 Kiss of Death            Conj/Necr      0%         2d5       50%         1
 Mercury Vapours          Alch/Air       0%         N/A       65%         2
 Confusing Touch          Hex            0%         N/A       86%         3
 Fugue of the Fallen      Necr           0%         N/A       86%         3
 Mephitic Cloud           Conj/Alch/Air  0%         N/A       86%         3
 Ozocubu's Armour         Ice            0%         N/A       86%         3
 Dispel Undead            Necr           0%         3d6       99%         4
 Manifold Assault         Tloc           0%         N/A       99%         4
 Freezing Cloud           Conj/Ice/Air   0%         6-21      100%        5
 Metabolic Englaciation   Hex/Ice        0%         N/A       100%        5
 Sculpt Simulacrum        Ice/Alch       0%         N/A       100%        6


Dungeon Overview and Level Annotations

Branches:
Dungeon (7/15)             Temple (1/1) D:4

Altars:
Ashenzari
Cheibriados
Dithmenos
Elyvilon
Fedhas
Kikubaaqudgha
Makhleb
Nemelex Xobeh
Okawaru
Qazlal
Ru
Sif Muna
Uskayaw
Vehumet
Wu Jian
Xom
Yredelemnul
Zin
The Shining One

Shops:
D:3 (


Innate Abilities, Weirdness & Mutations

You are immune to sickness and miasma.
Your stone body is resilient. (AC +7)
You are immune to poison.
You resist negative energy. (rN+)
You are resistant to electric shocks. (rElec)
You are resistant to unholy torment.
You are immune to petrification.


Message History

You block the orc warrior's attack.
You sock the orc warrior! You burn the orc warrior.
The orc warrior is severely wounded.
The orc priest invokes the aid of Beogh against you.
Beogh smites you! You block the orc warrior's attack.
You closely miss the orc warrior.
The orc warrior is severely wounded.
The orc priest mumbles some strange prayers to Beogh against you.
Beogh smites you!
The orc warrior hits you with a +0 war axe!
The orc priest shouts, "Surrender to Beogh and we'll let you live!" (press Y on the ability menu to convert to Beogh)
You hit the orc warrior but do no damage.
The orc warrior is severely wounded.
The orc warrior closely misses you.
You hit the orc warrior but do no damage.
The orc warrior is severely wounded.
The orc warrior hits you with a +0 war axe!
* * * LOW HITPOINT WARNING * * *
You barely miss the orc warrior.
The orc warrior is severely wounded.
The orc priest hits you but does no damage.
The orc warrior misses you.
The orc warrior hits you with a +0 war axe!
* * * LOW HITPOINT WARNING * * *
The orc priest invokes the aid of Beogh against you.
Pain shoots through your body!
* * * LOW HITPOINT WARNING * * *
You hit the orc warrior but do no damage.
The orc warrior is severely wounded.
You block the orc priest's attack.
The orc warrior hits you but does no damage.
You closely miss the orc priest. You block the orc priest's attack.
The orc warrior barely misses you.
You closely miss the orc priest. The orc priest barely misses you.
You block the orc warrior's attack.
You barely miss the orc priest.
The orc priest hits you but does no damage.
The orc warrior hits you with a +0 war axe.
You die...

).#####........#
### #....##..##
#....####.##
#....# ##.#
......# #.##
..###.. ##)# #.#
#.###.# #.o@.#
##o.## ####


You could see an orc warrior and an orc priest.

Vanquished Creatures
  Pikel (D:5)
  Prince Ribbit (D:6)
  Sigmund (D:3)
  A vampire (D:7)
  2 steam dragons (D:6)
  An acid dragon (D:5)
  An orc warrior (D:7)
  2 ice beasts
  A sky beast (D:7)
  3 black bears
  3 ogres
  A lemure (D:5)
  A kobold brigand (D:6)
  A bullfrog (D:7)
  2 scorpions (D:6)
  A howler monkey (D:6)
  A bombardier beetle (D:4)
  5 hounds
  3 jellies
  4 orc priests
  2 gnoll boudas
  A sleepcap (D:5)
  8 orc wizards
  4 iguanas
  10 gnolls
  6 adders
  4 ufetubi (D:6)
  2 dart slugs (D:3)
  2 ribbon worms (D:2)
  15 orcs
  3 endoplasms
  5 giant cockroaches
  7 goblins
  6 hobgoblins
  10 jackals
  4 quokkas
  3 ball pythons
  5 bats
  3 frilled lizards
  12 kobolds
  5 rats
153 creatures vanquished.

Vanquished Creatures (others)
  A bombardier beetle (D:6)
  2 orcs (D:6)
  An endoplasm (D:1)
  A kobold (D:6)
5 creatures vanquished.

Grand Total: 158 creatures vanquished

Notes
Turn   | Place    | Note
-------+----------+-------------------------------------------
     0 | D:1      | Dittersdorf the Gargoyle Fighter began the quest for the
                  | Orb.
     0 | D:1      | Reached XP level 1. HP: 14/14 MP: 1/1
   163 | D:1      | Reached XP level 2. HP: 16/19 MP: 2/2
   574 | D:1      | Reached XP level 3. HP: 4/23 MP: 3/3
  1006 | D:2      | You fall into a shaft and drop 1 floor!
  1297 | D:2      | Reached XP level 4. HP: 29/29 MP: 4/4
  2186 | D:3      | Found a stormy altar of Qazlal.
  2242 | D:3      | Identified the +6 mace of Diqohe Onyt {flame, Str+2}
  2344 | D:3      | Reached XP level 5. HP: 33/33 MP: 5/5
  2364 | D:3      | Noticed Sigmund
  2370 | D:3      | Killed Sigmund
  2371 | D:3      | Reached XP level 6. HP: 39/39 MP: 6/6
  2424 | D:3      | Found Ileovef's Antique Weapon Boutique.
  2930 | D:4      | Noticed a black bear
  2937 | D:4      | Killed a black bear
  2938 | D:4      | Reached skill level 5 in Fighting
  2938 | D:4      | Reached skill level 5 in Armour
  2938 | D:4      | Reached skill level 5 in Shields
  3055 | D:4      | Reached XP level 7. HP: 44/44 MP: 7/7
  3269 | D:4      | Identified the +1 robe "Emaxt" {rElec rCorr}
  3272 | D:4      | Found a staircase to the Ecumenical Temple.
  3310 | Temple   | Entered the Ecumenical Temple
  3685 | D:5      | Entered Level 5 of the Dungeon
  3939 | D:5      | Reached XP level 8. HP: 51/51 MP: 8/8
  3984 | D:5      | Identified the +7 quarterstaff "Iwai" {elec, Stlth+}
  4384 | D:5      | Reached skill level 5 in Maces & Flails
  4876 | D:6      | Noticed Pikel
  4915 | D:5      | Killed Pikel
  4916 | D:5      | Reached XP level 9. HP: 47/57 MP: 9/9
  5386 | D:6      | Found a sparkling altar of Nemelex Xobeh.
  5398 | D:6      | Noticed Prince Ribbit
  5412 | D:6      | Killed Prince Ribbit
  6063 | D:7      | Reached XP level 10. HP: 64/64 MP: 10/10
  6321 | D:7      | Found a shimmering altar of Xom.
  6452 | D:7      | HP: 3/65 [orc priest/nerve-wracking pain (5)]
  6456 | D:7      | Slain by an orc warrior

Illustrated notes

Levels and vault maps discovered:
D:1:      scummos_arrival_forest, layout_loops_ring, lemuel_flame_loot_1
D:2:      layout_loops_corners, wad_floor_pattern_untrapped, grunt_ministairs_5,
          minmay_split_cup_large
D:3:      layout_loops_cross, mainiacjoe_overflow_cross_hatched, serial_shops,
          shop, uniq_sigmund
D:4:      layout_basic, temple_pool_b, nicolae_underground_beach
D:5:      minmay_chambers_of_fours, layout_basic
D:6:      layout_cave_pools, mainiacjoe_overflow_catwalk,
          minmay_fractal_squares_diagonal_5, uniq_pikel, uniq_prince_ribbit1
D:7:      layout_layer_cave, lemuel_doored_altar
Temple:   compressed_dpeg_triangle_lava_temple

Skill      XL: |  1  2  3  4  5  6  7  8  9 |
---------------+----------------------------+-----
Fighting       | 4 5 7 8 |  8.5
Armour         | 4 5 7 8 |  8.4
Shields        | 4 5 7 8 |  8.5
Maces & Flails | 3 4 6 7 |  7.4

Action                     |  1- 3 |  4- 6 |  7- 9 | 10-12 || total
---------------------------+-------+-------+-------+-------++-------
  Melee: Flail             |    99 |    84 |       |       ||   183
         Mace              |       |    30 |   251 |    52 ||   333
    Use: Scroll            |       |       |    15 |       ||    15
 Armour: Scale mail        |    95 |    69 |    43 |       ||   207
         Ring mail         |       |       |   170 |    34 ||   204
  Dodge: Dodged            |    67 |    59 |   104 |    18 ||   248
  Block: Buckler           |    33 |    24 |   143 |    16 ||   216
         Reflection        |       |       |     2 |       ||     2

Table legend: (Time is in decaauts)
 A = Elapsed time spent in this place.
 B = Non-inter-level travel time spent in this place.
 C = Inter-level travel time spent in this place.
 D = Time resting spent in this place.
 E = Time spent auto-exploring this place.
 F = Levels seen in this place.
 G = Mean time per level.
                   A        B        C        D        E       F      G
               +--------+--------+--------+--------+--------+-----+--------+
         Total |   6564 |   6221 |    343 |    365 |   4642 |   8 |  820.5 |
       Dungeon |   6550 |   6219 |    331 |    365 |   4642 |   7 |  935.7 |
        Temple |     13 |      1 |     12 |      0 |      0 |   1 |   13.0 |
               +--------+--------+--------+--------+--------+-----+--------+

Top non-repeatable levels by time:
     D:2: 1176 daAuts
     D:5: 1166 daAuts
     D:6: 1036 daAuts
     D:4: 985 daAuts
     D:1: 906 daAuts
     D:3: 680 daAuts
     D:7: 599 daAuts
  Temple: 13 daAuts
